 Dungeon Crawl Stone Soup version 0.23.2-1-ga50397a (webtiles) character file.

Game seed: 1156817758005156642

693 night the Ruffian (level 7, 0/40 HPs)
             Began as a Gargoyle Transmuter on May 1, 2019.
             Was a Follower of Wu Jian.
             Slain by Menkaure (18 damage)
             ... on level 5 of the Dungeon.
             The game lasted 00:15:33 (5811 turns).

night the Ruffian (Gargoyle Transmuter)             Turns: 5811, Time: 00:15:34

Health: 0/40       AC: 11    Str: 15    XL:     7   Next: 64%
Magic:  8/10       EV: 12    Int: 14    God:    Wu Jian [*.....]
Gold:   243        SH:  0    Dex: 10    Spells: 2/10 levels left

rFire    + . .     SeeInvis .     - Unarmed
rCold    . . .     Gourm    .   (no shield)
rNeg     + . .     Faith    .   b - +0 robe
rPois    ∞         Spirit   .   v - +0 helmet
rElec    +         Reflect  .   t - +0 cloak
rCorr    .         Harm     .   n - +2 pair of gloves
MR       .....                  (no boots)
Stlth    +.........             p - amulet of rage
HPRegen  0.13/turn              c - ring of protection from fire
MPRegen  0.12/turn              (no ring)

@: no status effects
A: negative energy resistance 1, electricity resistance, unbreathing,
petrification resistance, rot immunity, AC +4
a: Renounce Religion, Evoke Berserk Rage


You were on level 5 of the Dungeon.
You worshipped Wu Jian.
Wu Jian was aware of your devotion.
You were not hungry.

You visited 1 branch of the dungeon, and saw 5 of its levels.

You collected 243 gold pieces.

Inventory:

Hand Weapons
 z - a +0 hunting sling
Missiles
 a - 62 arrows
 e - 32 bolts
 f - 4 steel tomahawks
 k - 188 stones (quivered)
 y - 47 sling bullets
Armour
 b - a +0 robe (worn)
 n - a +2 pair of gloves (worn)
 t - a +0 cloak (worn)
 v - a +0 helmet (worn)
Jewellery
 c - a ring of protection from fire (left hand)
 p - an amulet of rage (around neck)
 w - an uncursed ring of fire
 x - an uncursed ring of see invisible {unknown}
Wands
 o - a wand of flame (27)
 s - a wand of random effects (18)
Scrolls
 g - a scroll of enchant armour {unknown}
 h - a scroll of fear {unknown}
 i - 6 scrolls of identify
 j - a scroll of remove curse
 l - 2 scrolls of teleportation
 m - 3 scrolls of noise {unknown}
 r - a scroll of enchant weapon {unknown}
 B - a scroll of amnesia {unknown}
Potions
 q - a potion of heal wounds {unknown}
 u - a potion of flight {unknown}
 C - a potion of agility {unknown}
Comestibles
 d - 9 rations


   Skills:
 - Level 2.3 Fighting
 - Level 1.5 Dodging
 + Level 5.6 Unarmed Combat
 - Level 2.0 Spellcasting
 * Level 5.4 Transmutations


You had 2 spell levels left.
You knew the following spells:

 Your Spells              Type           Power        Failure   Level  Hunger
a - Beastly Appendage     Tmut           ###...       2%          1    ##.....
b - Blade Hands           Tmut           ###.......   58%         5    ######.
c - Sticks to Snakes      Tmut           ###.....     4%          2    ###....

Your spell library contained the following spells:

 Spells                   Type           Power        Failure   Level  Hunger
 Spider Form              Tmut/Pois      #.........   24%         3    ####...
 Ice Form                 Ice/Tmut       #.......     61%         4    #####..


Dungeon Overview and Level Annotations

Branches:
Dungeon (5/15)
 Temple: D:4-7

Altars:
Cheibriados
Elyvilon
Fedhas
Hepliaklqana
Kikubaaqudgha
Wu Jian
Yredelemnul

Shops:
D:5 }

Annotations:
D:3 1 runed translucent door, Nydiazath's ghost, weakling SpEn
D:4 3 runed translucent doors, Paps's ghost, novice TrFi
D:5 Grinder; Menkaure


Innate Abilities, Weirdness & Mutations

You are resistant to torment.
Your stone body is resilient. (AC +4)
You are immune to poison.
You resist negative energy. (rN+)
You are resistant to electric shocks. (rElec)
You can survive without breathing.
You are immune to petrification.
You are immune to rotting.


Message History

You struggle to resist.
Menkaure disappears!
You start resting.
All of the chunks of flesh in your inventory have rotted away.
Menkaure is too close now for your liking.
Casting: Beastly Appendage (safe; 2% risk of failure)
Confirm with . or Enter, or press ? or * to list all spells.
You create a snake!
You now have 62 arrows.
You lunge at Menkaure.
You punch Menkaure!
Menkaure is moderately damaged.
Menkaure hits you!
You hit Menkaure.
Menkaure is heavily damaged.
Menkaure gestures wildly while chanting.
Menkaure seems to speed up.
You barely miss Menkaure.
Menkaure is heavily damaged.
Menkaure grins.
Menkaure hits you!!
You die...

####### ....... .......
....... .......
################.....).
.........M@S..)........
.........#######.......
######.....# ......M
#..........# ##.......
#.##.#.....+ ..#######
#.#.....###.# #.
#.........#.# #.
###.##+#..#.###### #.
#.# #.........#####.


You could see Menkaure and a friendly ball python.

Vanquished Creatures
  An ice beast (D:5)
  A bullfrog (D:4)
  A scorpion (D:4)
  2 orc priests (D:1)
  Crazy Yiuf (D:2)
  A hound (D:4)
  2 bullfrog skeletons
  An orc wizard (D:5)
  4 worker ants (D:4)
  A hound skeleton (D:5)
  Robin (D:2)
  6 adders (D:2)
  A howler monkey skeleton (D:5)
  An ooze (D:3)
  3 worms
  2 leopard geckos
  9 orcs
  3 giant cockroaches
  16 goblins
  16 hobgoblins
  A quokka (D:3)
  A ball python (D:2)
  3 bats
  6 frilled lizards
  3 kobolds (D:2)
  6 rats
93 creatures vanquished.

Notes
Turn   | Place    | Note
-------+----------+-------------------------------------------
     0 | D:1      | night the Gargoyle Transmuter began the quest for the Orb.
     0 | D:1      | Reached XP level 1. HP: 12/12 MP: 3/3
   175 | D:1      | Reached XP level 2. HP: 14/16 MP: 5/5
   904 | D:2      | Reached XP level 3. HP: 3/20 MP: 6/6
  1217 | D:1      | Reached XP level 4. HP: 11/26 MP: 7/7
  1764 | D:2      | Noticed Robin
  2450 | D:2      | Killed Robin
  2450 | D:2      | Reached XP level 5. HP: 30/30 MP: 8/8
  2564 | D:2      | Learned a level 5 spell: Blade Hands
  2567 | D:2      | Learned a level 2 spell: Sticks to Snakes
  2573 | D:2      | Found an ancient bone altar of Kikubaaqudgha.
  2762 | D:2      | Found a runed translucent door.
  2763 | D:2      | Noticed Crazy Yiuf
  2958 | D:2      | Found an ornate altar of the Wu Jian Council.
  2958 | D:2      | Found a faded altar of an unknown god.
  3011 | D:2      | Found a faded altar of an unknown god.
  3014 | D:2      | Became a worshipper of the Wu Jian Council
  3017 | D:2      | Found a basalt altar of Yredelemnul.
  3019 | D:2      | Found a blossoming altar of Fedhas.
  3478 | D:2      | Killed Crazy Yiuf
  3687 | D:3      | Reached XP level 6. HP: 35/35 MP: 9/9
  3719 | D:3      | Found a runed translucent door.
  3721 | D:3      | Noticed Nydiazath's ghost (weakling SpEn)
  3776 | D:3      | Found a white marble altar of Elyvilon.
  4450 | D:4      | Found a hazy altar of Hepliaklqana.
  4533 | D:4      | Reached * piety under Wu Jian
  4533 | D:4      | Reached skill level 5 in Unarmed Combat
  4781 | D:4      | Reached XP level 7. HP: 28/40 MP: 10/10
  4872 | D:4      | Found a snail-covered altar of Cheibriados.
  5131 | D:4      | Found a runed translucent gate.
  5134 | D:4      | Noticed Paps's ghost (novice TrFi)
  5136 | D:4      | Found a runed translucent gate.
  5136 | D:4      | Found a runed translucent gate.
  5294 | D:5      | Entered Level 5 of the Dungeon
  5323 | D:5      | Noticed Grinder
  5334 | D:5      | Paralysed by something for 5 turns
  5346 | D:5      | Paralysed by something for 4 turns
  5487 | D:5      | Reached skill level 5 in Transmutations
  5692 | D:5      | Found Viycait's Gadget Shoppe.
  5756 | D:5      | Found the cursed +13 scythe of Curses {drain, *Curse}
  5756 | D:5      | Noticed Menkaure
  5811 | D:5      | Slain by Menkaure

Skill      XL: |  1  2  3  4  5  6  7 |
---------------+----------------------+-----
Transmutations | 2 3 4 5 |  5.4
Fighting       | 2 |  2.3
Unarmed Combat | 4 5 |  5.6
Dodging        | |  1.5
Spellcasting   | |  2.0

Action                   |  1- 3 |  4- 6 |  7- 9 || total
-------------------------+-------+-------+-------++-------
Melee: Unarmed           |   115 |   288 |   104 ||   507
       Punch             |     2 |     3 |       ||     5
       Headbutt          |     1 |     4 |       ||     5
 Cast: Beastly Appendage |     1 |     1 |       ||     2
       Sticks to Snakes  |       |       |     1 ||     1
Invok: Lunge             |       |    16 |     8 ||    24
       Whirlwind         |       |       |    10 ||    10
Evoke: Wand              |       |     8 |     3 ||    11
  Use: Scroll            |       |     4 |       ||     4
       Potion            |       |     1 |       ||     1
  Eat: Chunk             |     1 |    12 |     3 ||    16
Armor: Robe              |    38 |   105 |    36 ||   179
       Skin              |       |     3 |       ||     3
       Plate armour      |       |     3 |       ||     3
Dodge: Dodged            |    70 |   176 |    46 ||   292
